NWL (28 & UNDER)
SAN DIEGO SMASHERS @ RIVERSIDE RED BULLS
07/14/2028
 
TOP OF THE 1ST
San Diego Smashers batting - Pitching for Riverside Red Bulls : LHP Alberto Pagán
Pitching: LHP Alberto Pagán
Batting: LHB Michael Myers 0-0: Ball
1-0: Ball
2-0: Ball
3-0: Called Strike
3-1: Fly out, F8 (Line Drive, 8LM)
Batting: RHB Gerald Davis 0-0: Foul Ball, location: 2F
0-1: Swinging Strike
0-2: Ball
1-2: SINGLE (Line Drive, 34D)
Batting: RHB Jake Reeves 0-0: Ball
1-0: Ball
2-0: Ball
3-0: Called Strike
3-1: Base on Balls
Gerald Davis to second
Batting: LHB Arthur MacDonald 0-0: Ball
1-0: Foul Ball, location: 2F
1-1: Ball
2-1: Swinging Strike
2-2: Foul Ball, location: 2F
2-2: Ball
3-2: Strikes out swinging
Batting: RHB Ray Rogers 0-0: Ball
1-0: Fly out, F7 (Line Drive, 7LM)
Top of the 1st over - 0 run(s), 1 hit(s), 0 error(s), 2 left on base; San Diego 0 - Riverside 0
BOTTOM OF THE 1ST
Riverside Red Bulls batting - Pitching for San Diego Smashers : LHP Rafael Alemán
Pitching: LHP Rafael Alemán
Batting: RHB Donovan James 0-0: Ball
1-0: Ball
2-0: Ground out 6-3 (Groundball, 6)
Batting: SHB Richard Griffin 0-0: Ball
1-0: Called Strike
1-1: Swinging Strike
1-2: Ball
2-2: Foul Ball, location: 2F
2-2: Foul Ball, location: 2F
2-2: Foul Ball, location: 2F
2-2: Ball
3-2: SINGLE (Flyball, 7LS)
Batting: SHB Enrique Uribe 0-0: Ball
1-0: Called Strike
1-1: Ball
2-1: DOUBLE (Line Drive, 9LS)
Richard Griffin to third
Runner from 3rd tries for Home, SAFE, no throw
Batting: RHB Glenn Broadwater 0-0: Ball
1-0: Ball
2-0: Ball
3-0: Base on Balls
Batting: LHB William Wolf 0-0: Called Strike
0-1: Swinging Strike
0-2: Ball
1-2: Ground out 5-3 (Groundball, 56S)
Enrique Uribe to third
Glenn Broadwater to second
Batting: RHB Fernando Bórquez 0-0: Called Strike
0-1: Ball
1-1: Swinging Strike
1-2: Strikes out swinging
Bottom of the 1st over - 1 run(s), 2 hit(s), 0 error(s), 2 left on base; San Diego 0 - Riverside 1
TOP OF THE 2ND
San Diego Smashers batting - Pitching for Riverside Red Bulls : LHP Alberto Pagán
Batting: RHB Javier González 0-0: Called Strike
0-1: Ball
1-1: Foul Ball, location: 2F
1-2: Strikes out looking
Batting: RHB John Nelson 0-0: Ball
1-0: Ball
2-0: Foul Ball, location: 2F
2-1: Ball
3-1: Base on Balls
Batting: RHB Gustavo Torres 0-0: Ball
1-0: Ball
2-0: Called Strike
2-1: Called Strike
2-2: Ball
3-2: DOUBLE (Line Drive, 9LM)
John Nelson to third
John Nelson scores
Batting: RHB Dave King 0-0: Called Strike
0-1: Ball
1-1: Fly out, F8 (Flyball, 8LD)
Runner from 2nd tags up, SAFE at 3rd with throw
Batting: LHB Michael Myers 0-0: Called Strike
0-1: Foul Ball, location: 2F
0-2: Ball
1-2: Strikes out looking
Top of the 2nd over - 1 run(s), 1 hit(s), 0 error(s), 1 left on base; San Diego 1 - Riverside 1
BOTTOM OF THE 2ND
Riverside Red Bulls batting - Pitching for San Diego Smashers : LHP Rafael Alemán
Batting: RHB Patrick Daniels 0-0: Foul Ball, location: 2F
0-1: Fly out, F7 (Flyball, 7)
Batting: RHB Robert Stevens 0-0: Ball
1-0: Called Strike
1-1: Called Strike
1-2: Strikes out swinging
Batting: RHB Gilberto Tovar 0-0: Ball
1-0: Called Strike
1-1: Ground out 4-3 (Groundball, 4M)
Bottom of the 2nd over - 0 run(s), 0 hit(s), 0 error(s), 0 left on base; San Diego 1 - Riverside 1
TOP OF THE 3RD
San Diego Smashers batting - Pitching for Riverside Red Bulls : LHP Alberto Pagán
Batting: RHB Gerald Davis 0-0: Ball
1-0: Ball
2-0: Called Strike
2-1: Foul Ball, location: 2F
2-2: Strikes out swinging
Batting: RHB Jake Reeves 0-0: Ball
1-0: Called Strike
1-1: Ball
2-1: Ball
3-1: Swinging Strike
3-2: Foul Ball, location: 2F
3-2: Base on Balls
Batting: LHB Arthur MacDonald 0-0: Ball
1-0: Fly out, F5 (Flyball, 5D)
Batting: RHB Ray Rogers 0-0: Ball
1-0: Foul Ball, location: 2F
1-1: Foul Ball, location: 2F
1-2: Fielders Choice at 2nd, 6-4 (Groundball, 6)
Top of the 3rd over - 0 run(s), 0 hit(s), 0 error(s), 0 left on base; San Diego 1 - Riverside 1
BOTTOM OF THE 3RD
Riverside Red Bulls batting - Pitching for San Diego Smashers : LHP Rafael Alemán
Batting: RHB Donovan James 0-0: Called Strike
0-1: Ball
1-1: Swinging Strike
1-2: Strikes out swinging
Batting: SHB Richard Griffin 0-0: Called Strike
0-1: Ball
1-1: Foul Ball, location: 2F
1-2: Fly out, F4 (Line Drive, 4)
Batting: SHB Enrique Uribe 0-0: Ball
1-0: Ground out U3 (Groundball, 3L)
Bottom of the 3rd over - 0 run(s), 0 hit(s), 0 error(s), 0 left on base; San Diego 1 - Riverside 1
TOP OF THE 4TH
San Diego Smashers batting - Pitching for Riverside Red Bulls : LHP Alberto Pagán
Batting: RHB Javier González 0-0: Called Strike
0-1: Foul Ball, location: 2F
0-2: Ball
1-2: Ball
2-2: Strikes out swinging
Batting: RHB John Nelson 0-0: Ground out 6-3 (Groundball, 6)
Batting: RHB Gustavo Torres 0-0: Foul Ball, location: 2F
0-1: Foul Ball, location: 2F
0-2: Ball
1-2: Ball
2-2: Ball
3-2: Base on Balls
Batting: RHB Dave King 0-0: Called Strike
0-1: Ball
1-1: Fly out, F5 (Line Drive, 56S)
Top of the 4th over - 0 run(s), 0 hit(s), 0 error(s), 1 left on base; San Diego 1 - Riverside 1
BOTTOM OF THE 4TH
Riverside Red Bulls batting - Pitching for San Diego Smashers : LHP Rafael Alemán
Batting: RHB Glenn Broadwater 0-0: Ball
1-0: Ball
2-0: Called Strike
2-1: Swinging Strike
2-2: Ball
3-2: Foul Ball, location: 2F
3-2: Strikes out looking
Batting: LHB William Wolf 0-0: Ball
1-0: Ground out 6-3 (Groundball, 6)
Batting: RHB Fernando Bórquez 0-0: Called Strike
0-1: Fly out, F8 (Flyball, 89D)
Bottom of the 4th over - 0 run(s), 0 hit(s), 0 error(s), 0 left on base; San Diego 1 - Riverside 1
TOP OF THE 5TH
San Diego Smashers batting - Pitching for Riverside Red Bulls : LHP Alberto Pagán
Batting: LHB Michael Myers 0-0: Called Strike
0-1: Foul Ball, location: 2F
0-2: Ball
1-2: Ball
2-2: Ground out 3-1 (Groundball, 34)
Batting: RHB Gerald Davis 0-0: Ball
1-0: Fly out, F3 (Flyball, 3DF)
Batting: RHB Jake Reeves 0-0: Fly out, F8 (Flyball, 8RXD)
Top of the 5th over - 0 run(s), 0 hit(s), 0 error(s), 0 left on base; San Diego 1 - Riverside 1
BOTTOM OF THE 5TH
Riverside Red Bulls batting - Pitching for San Diego Smashers : LHP Rafael Alemán
Batting: RHB Patrick Daniels 0-0: Ball
1-0: Called Strike
1-1: Foul Ball, location: 2F
1-2: SINGLE (Groundball, 6) (infield hit)
Batting: RHB Robert Stevens 0-0: Called Strike
0-1: Swinging Strike
0-2: Ball
1-2: Foul Ball, location: 2F
1-2: Ball
2-2: Ground out 5-3 (Groundball, 56S)
Patrick Daniels to second
Batting: RHB Gilberto Tovar 0-0: Ball
1-0: Ball
2-0: Ball
3-0: Called Strike
3-1: Swinging Strike
3-2: Strikes out looking
Batting: RHB Donovan James 0-0: Called Strike
0-1: Ball
1-1: Fly out, F9 (Flyball, 9S)
Bottom of the 5th over - 0 run(s), 1 hit(s), 0 error(s), 1 left on base; San Diego 1 - Riverside 1
TOP OF THE 6TH
San Diego Smashers batting - Pitching for Riverside Red Bulls : LHP Alberto Pagán
Batting: LHB Arthur MacDonald 0-0: Ground out U3 (Groundball, 3S)
Batting: RHB Ray Rogers 0-0: Ball
1-0: Ground out 6-3 (Groundball, 6)
Batting: RHB Javier González 0-0: Called Strike
0-1: Ball
1-1: Fly out, F8 (Flyball, 8RS)
Top of the 6th over - 0 run(s), 0 hit(s), 0 error(s), 0 left on base; San Diego 1 - Riverside 1
BOTTOM OF THE 6TH
Riverside Red Bulls batting - Pitching for San Diego Smashers : LHP Rafael Alemán
Batting: SHB Richard Griffin 0-0: Foul Ball, location: 2F
0-1: Foul Ball, location: 2F
0-2: Foul Ball, location: 2F
0-2: Foul Ball, location: 2F
0-2: Ball
1-2: SINGLE (Groundball, 6MD)
Batting: SHB Enrique Uribe 0-0: Foul Ball, location: 2F
0-1: Called Strike
0-2: Ball
1-2: Ball
2-2: Fielders Choice at 2nd, 1-4 (Groundball, 15S)
Batting: RHB Glenn Broadwater 0-0: Called Strike
0-1: Foul Ball, location: 2F
0-2: Strikes out looking
Batting: LHB William Wolf Pickoff Throw to First - Out!
Bottom of the 6th over - 0 run(s), 1 hit(s), 0 error(s), 0 left on base; San Diego 1 - Riverside 1
TOP OF THE 7TH
San Diego Smashers batting - Pitching for Riverside Red Bulls : LHP Alberto Pagán
Batting: RHB John Nelson 0-0: Called Strike
0-1: DOUBLE (Flyball, 89D)
Pinch Hitting: RHB Fred Ameris 0-0: Intentional Walk
Pitching: RHP Juan Herrera
Batting: RHB Dave King 0-0: Ball
1-0: Called Strike
1-1: Swinging Strike
1-2: Ball
2-2: Ball
3-2: Foul Ball, location: 2F
3-2: Base on Balls
John Nelson to third
Fred Ameris to second
Batting: LHB Michael Myers 0-0: Ball
1-0: SINGLE (Flyball, 8LS)
John Nelson scores
Fred Ameris to third
Dave King to second
Pinch Hitting: LHB John White 0-0: Ball
1-0: Ball
2-0: SINGLE (Flyball, 8RS)
Fred Ameris scores
Dave King to third
Michael Myers to second
Batting: RHB Jake Reeves 0-0: Foul Ball, location: 2F
0-1: Ball
1-1: Foul Ball, location: 2F
1-2: Strikes out swinging
Batting: LHB Arthur MacDonald 0-0: Called Strike
0-1: Called Strike
0-2: Strikes out swinging
Pinch Hitting: LHB Richard Brooks 0-0: Called Strike
0-1: Ball
1-1: Foul Ball, location: 2F
1-2: Strikes out swinging
Top of the 7th over - 2 run(s), 3 hit(s), 0 error(s), 3 left on base; San Diego 3 - Riverside 1
BOTTOM OF THE 7TH
Riverside Red Bulls batting - Pitching for San Diego Smashers : LHP Rafael Alemán
Now at 1B: John White
Now at SS: Walt Rodgers
Now in LF: Richard Brooks
Batting: LHB William Wolf 0-0: Ground out U3 (Groundball, 34)
Batting: RHB Fernando Bórquez 0-0: Ground out 6-3 (Groundball, 6)
Batting: RHB Patrick Daniels 0-0: Foul Ball, location: 2F
0-1: Ball
1-1: Swinging Strike
1-2: Strikes out swinging
Bottom of the 7th over - 0 run(s), 0 hit(s), 0 error(s), 0 left on base; San Diego 3 - Riverside 1
TOP OF THE 8TH
San Diego Smashers batting - Pitching for Riverside Red Bulls : RHP Juan Herrera
Batting: RHB Javier González 0-0: Called Strike
0-1: Ball
1-1: Swinging Strike
1-2: Ground out 4-3 (Groundball, 4)
Batting: RHB John Nelson 0-0: Called Strike
0-1: Ball
1-1: Foul Ball, location: 2F
1-2: Fly out, F8 (Flyball, 8RM)
Batting: SHB Walt Rodgers 0-0: Called Strike
0-1: SINGLE (Line Drive, 8LS)
Batting: RHB Dave King 0-0: Ball
1-0: Called Strike
1-1: Ball
2-1: Called Strike
2-2: Ball
3-2: Base on Balls
Walt Rodgers to second
Batting: LHB Michael Myers 0-0: Ball
1-0: Ball
2-0: Ball
3-0: Base on Balls
Walt Rodgers to third
Dave King to second
Batting: LHB John White 0-0: Ball
1-0: Ball
2-0: Ball
3-0: Base on Balls
Walt Rodgers scores
Dave King to third
Michael Myers to second
Batting: RHB Jake Reeves 0-0: Called Strike
0-1: Ball
1-1: Called Strike
1-2: Ball
2-2: Strikes out swinging passed ball, reaches first!
Dave King scores
Michael Myers to third
John White to second
Pitching: LHP Monty Williams
Batting: LHB Arthur MacDonald 0-0: Foul Ball, location: 2F
0-1: Swinging Strike
0-2: Fly out, F9 (Flyball, 9)
Top of the 8th over - 2 run(s), 1 hit(s), 0 error(s), 3 left on base; San Diego 5 - Riverside 1
BOTTOM OF THE 8TH
Riverside Red Bulls batting - Pitching for San Diego Smashers : LHP Rafael Alemán
Pitching: RHP Rick Hernández
Batting: RHB Robert Stevens 0-0: Ball
1-0: Swinging Strike
1-1: Swinging Strike
1-2: Strikes out swinging
Batting: RHB Gilberto Tovar 0-0: SINGLE (Line Drive, 5D)
Batting: RHB Donovan James 0-0: Called Strike
0-1: Foul Ball, location: 2F
0-2: Foul Ball, location: 2F
0-2: Strikes out looking
Batting: SHB Richard Griffin 0-0: Called Strike
0-1: Foul Ball, location: 2F
0-2: Ball
1-2: Ball
2-2: Fly out, F8 (Flyball, 8LM)
Bottom of the 8th over - 0 run(s), 1 hit(s), 0 error(s), 1 left on base; San Diego 5 - Riverside 1
TOP OF THE 9TH
San Diego Smashers batting - Pitching for Riverside Red Bulls : LHP Pepe Gómez
Pitching: LHP Pepe Gómez
Batting: LHB Richard Brooks 0-0: Ball
1-0: Foul Ball, location: 2F
1-1: Ground out U3 (Groundball, 3L)
Batting: RHB Javier González 0-0: Foul Ball, location: 2F
0-1: Ball
1-1: Called Strike
1-2: Ball
2-2: Strikes out looking
Batting: RHB John Nelson 0-0: Ball
1-0: Called Strike
1-1: Ball
2-1: Foul Ball, location: 2F
2-2: Ball
3-2: DOUBLE (Line Drive, 5D)
Batting: SHB Walt Rodgers 0-0: Called Strike
0-1: Foul Ball, location: 2F
0-2: Strikes out swinging
Top of the 9th over - 0 run(s), 1 hit(s), 0 error(s), 1 left on base; San Diego 5 - Riverside 1
BOTTOM OF THE 9TH
Riverside Red Bulls batting - Pitching for San Diego Smashers : RHP Rick Hernández
Batting: SHB Enrique Uribe 0-0: Fly out, F7 (Flyball, 7LSF)
Batting: RHB Glenn Broadwater 0-0: Ball
1-0: Ball
2-0: Ball
3-0: Base on Balls
Batting: LHB William Wolf 0-0: Swinging Strike
0-1: Ball
1-1: Ball
2-1: Foul Ball, location: 2F
2-2: Ball
3-2: Reached on error, E1 (Groundball, P)
Glenn Broadwater to second
Pitching: RHP Joe Shoemaker
Batting: RHB Fernando Bórquez 0-0: Called Strike
0-1: Ball
1-1: SINGLE (Groundball, 56D)
Glenn Broadwater to third
William Wolf to second
Runner from 3rd tries for Home, SAFE, throw made home
William Wolf to third
Fernando Bórquez to second
Pinch Hitting: RHB Brandon Pope 0-0: Called Strike
0-1: Ball
1-1: Ground out U3 (Groundball, 34S)
Batting: RHB Robert Stevens 0-0: Ball
1-0: Foul Ball, location: 2F
1-1: Called Strike
1-2: Ball
2-2: Foul Ball, location: 2F
2-2: SINGLE (Line Drive, 6M)
William Wolf scores
Fernando Bórquez to third
Runner from 3rd tries for Home, SAFE, no throw
Pitching: RHP Norberto Deleón
Pinch Hitting: RHB Luis Bustamante 0-0: Called Strike
0-1: Foul Ball, location: 2F
0-2: Ball
1-2: Strikes out looking
Bottom of the 9th over - 3 run(s), 2 hit(s), 1 error(s), 1 left on base; San Diego 5 - Riverside 4
Tuesday, August 8th, 2017 - OOTP Baseball 17.12 Build 75